SR
MOOSE JAW CANUCKS @ PHOENIX HOTSPUR ACADEMY
09/06/2034
 
TOP OF THE 1ST
Moose Jaw Canucks batting - Pitching for Phoenix Hotspur Academy : RHP Sean Neely
Pitching: RHP Sean Neely
Batting: LHB John Castro 0-0: Called Strike
0-1: Called Strike
0-2: Strikes out swinging
Batting: RHB Gary Bruce 0-0: Ground out 4-3 (Groundball, 4M)
Batting: RHB Peer Kattenberg 0-0: Swinging Strike
0-1: Foul Ball, location: 2F
0-2: Ball
1-2: Ball
2-2: Foul Ball, location: 2F
2-2: Strikes out swinging
Top of the 1st over - 0 runs, 0 hits, 0 errors, 0 left on base; Moose Jaw 0 - Phoenix 0
BOTTOM OF THE 1ST
Phoenix Hotspur Academy batting - Pitching for Moose Jaw Canucks : RHP Carlos González
Pitching: RHP Carlos González
Batting: RHB Brad Lamb 0-0: Called Strike
0-1: Called Strike
0-2: Foul Ball, location: 2F
0-2: Ground out 1-3 (Groundball, 15)
Batting: RHB Frank Ray 0-0: Foul Ball, location: 2F
0-1: Foul Ball, location: 2F
0-2: Ball
1-2: Ball
2-2: Foul Ball, location: 2F
2-2: Ball
3-2: Fly out, F8 (Flyball, 8RM)
Batting: RHB Paco González 0-0: Ball
1-0: Ball
2-0: Ball
3-0: Base on Balls
Batting: RHB Nathan Pruitt 0-0: Swinging Strike
0-1: Ball
1-1: Foul Ball, location: 2F
1-2: Strikes out swinging
Bottom of the 1st over - 0 runs, 0 hits, 0 errors, 1 left on base; Moose Jaw 0 - Phoenix 0
TOP OF THE 2ND
Moose Jaw Canucks batting - Pitching for Phoenix Hotspur Academy : RHP Sean Neely
Batting: LHB Bryan Decker 0-0: Ball
1-0: Called Strike
1-1: Swinging Strike
1-2: Ball
2-2: Ball
3-2: SINGLE (Flyball, 9S)
Batting: SHB Millard Guzowski 0-0: Ball
1-0: Swinging Strike
1-1: Ball
2-1: Ball
3-1: Fly out, F6 (Line Drive, 56)
Batting: RHB Bernardo Rodríguez 0-0: Ball
1-0: Grounds into double play, 6-4-3 (Groundball, 6)
Top of the 2nd over - 0 runs, 1 hit, 0 errors, 0 left on base; Moose Jaw 0 - Phoenix 0
BOTTOM OF THE 2ND
Phoenix Hotspur Academy batting - Pitching for Moose Jaw Canucks : RHP Carlos González
Batting: LHB Pancho Coloma 0-0: Called Strike
0-1: Called Strike
0-2: Ball
1-2: Ball
2-2: Strikes out swinging
Batting: RHB Ronnie Wise 0-0: Called Strike
0-1: Foul Ball, location: 2F
0-2: Foul Ball, location: 2F
0-2: Fly out, F7 (Flyball, 7S)
Batting: RHB Jesse McCoy 0-0: Ball
1-0: Ball
2-0: Foul Ball, location: 2F
2-1: SINGLE (Flyball, 89M)
Batting: LHB Daniel Joseph 0-0: Ball
1-0: Fielders Choice at 2nd, 6-4 (Groundball, 6)
Bottom of the 2nd over - 0 runs, 1 hit, 0 errors, 1 left on base; Moose Jaw 0 - Phoenix 0
TOP OF THE 3RD
Moose Jaw Canucks batting - Pitching for Phoenix Hotspur Academy : RHP Sean Neely
Batting: LHB Iván Rivera 0-0: Called Strike
0-1: SINGLE (Flyball, 7LS)
Batting: RHB Barney Wilson 0-0: Foul Ball, location: 2F
0-1: Called Strike
0-2: Ball
Wild Pitch!
Iván Rivera to second
1-2: Ball
2-2: Strikes out swinging
Batting: RHB Louis Gielens 0-0: Swinging Strike
0-1: Ball
1-1: Swinging Strike
1-2: Foul Ball, location: 2F
1-2: Strikes out swinging
Batting: LHB John Castro 0-0: Called Strike
0-1: Ball
1-1: SINGLE (Groundball, 56D)
Iván Rivera to third
Runner from 3rd tries for Home, SAFE, no throw
Batting: RHB Gary Bruce 0-0: Foul Ball, location: 2F
0-1: Foul Ball, location: 2F
0-2: Ground out U3 (Groundball, 34S)
Top of the 3rd over - 1 run, 2 hits, 0 errors, 1 left on base; Moose Jaw 1 - Phoenix 0
BOTTOM OF THE 3RD
Phoenix Hotspur Academy batting - Pitching for Moose Jaw Canucks : RHP Carlos González
Batting: SHB Bernardo Pacheco 0-0: Foul Ball, location: 2F
0-1: Ball
1-1: Ball
2-1: Ball
3-1: Called Strike
3-2: Fly out, F6 (Line Drive, 6)
Batting: RHB Brad Lamb 0-0: Ball
1-0: DOUBLE (Line Drive, 9LM)
Batting: RHB Frank Ray 0-0: Ball
1-0: Ball
2-0: Called Strike
2-1: Swinging Strike
2-2: Ground out U3 (Groundball, 3)
Brad Lamb to third
Batting: RHB Paco González 0-0: SINGLE (Line Drive, 78S)
Brad Lamb scores
Batting: RHB Nathan Pruitt 0-0: DOUBLE (Flyball, 8RD)
Paco González to third
Runner from 3rd tries for Home, SAFE, no throw
Batting: LHB Pancho Coloma 0-0: Swinging Strike
0-1: Foul Ball, location: 2F
0-2: Fly out, F8 (Flyball, 8RD)
Bottom of the 3rd over - 2 runs, 3 hits, 0 errors, 1 left on base; Moose Jaw 1 - Phoenix 2
TOP OF THE 4TH
Moose Jaw Canucks batting - Pitching for Phoenix Hotspur Academy : RHP Sean Neely
Batting: RHB Peer Kattenberg 0-0: Ball
1-0: Called Strike
1-1: Called Strike
1-2: Foul Ball, location: 2F
1-2: Ground out 5-3 (Groundball, 5)
Batting: LHB Bryan Decker 0-0: Ball
1-0: Ball
2-0: Called Strike
2-1: Ball
3-1: Swinging Strike
3-2: Ground out 4-3 (Groundball, 4M)
Batting: SHB Millard Guzowski 0-0: Foul Ball, location: 2F
0-1: Ball
1-1: SINGLE (Groundball, 6MD)
Batting: RHB Bernardo Rodríguez 0-0: Foul Ball, location: 2F
0-1: Foul Ball, location: 2F
0-2: Foul Ball, location: 2F
0-2: Foul Ball, location: 2F
0-2: Ball
1-2: Fielders Choice at 2nd, 6-4 (Groundball, 6)
Top of the 4th over - 0 runs, 1 hit, 0 errors, 1 left on base; Moose Jaw 1 - Phoenix 2
BOTTOM OF THE 4TH
Phoenix Hotspur Academy batting - Pitching for Moose Jaw Canucks : RHP Carlos González
Batting: RHB Ronnie Wise 0-0: Foul Ball, location: 2F
0-1: Swinging Strike
0-2: Strikes out swinging
Batting: RHB Jesse McCoy 0-0: Foul Ball, location: 2F
0-1: Ball
1-1: Foul Ball, location: 2F
1-2: Strikes out swinging
Batting: LHB Daniel Joseph 0-0: Fly out, F9 (Flyball, 9S)
Bottom of the 4th over - 0 runs, 0 hits, 0 errors, 0 left on base; Moose Jaw 1 - Phoenix 2
TOP OF THE 5TH
Moose Jaw Canucks batting - Pitching for Phoenix Hotspur Academy : RHP Sean Neely
Batting: LHB Iván Rivera 0-0: Fly out, F7 (Flyball, 7)
Batting: RHB Barney Wilson 0-0: Called Strike
0-1: Ground out 3-1 (Groundball, 34)
Batting: RHB Louis Gielens 0-0: SINGLE (Line Drive, 56D)
Batting: LHB John Castro 0-0: SINGLE (Groundball, 6MD)
Louis Gielens to second
Runner from 2nd tries for 3rd, SAFE, no throw
Batting: RHB Gary Bruce 0-0: Ball
1-0: Ground out 1-3 (Groundball, 13)
Top of the 5th over - 0 runs, 2 hits, 0 errors, 2 left on base; Moose Jaw 1 - Phoenix 2
BOTTOM OF THE 5TH
Phoenix Hotspur Academy batting - Pitching for Moose Jaw Canucks : RHP Carlos González
Batting: SHB Bernardo Pacheco 0-0: Foul Ball, location: 2F
0-1: Swinging Strike
0-2: Ball
1-2: Strikes out looking
Batting: RHB Brad Lamb 0-0: Ball
1-0: Ball
2-0: Foul Ball, location: 2F
2-1: Foul Ball, location: 2F
2-2: Ball
3-2: DOUBLE (Line Drive, 9LM)
Batting: RHB Frank Ray 0-0: Ball
1-0: DOUBLE (Line Drive, 89D)
Brad Lamb scores
Batting: RHB Paco González 0-0: Called Strike
0-1: Foul Ball, location: 2F
0-2: Ball
1-2: Ground out 1-3 (Groundball, 13S)
Frank Ray to third
Batting: RHB Nathan Pruitt 0-0: Ball
1-0: Ball
2-0: Foul Ball, location: 2F
2-1: Foul Ball, location: 2F
2-2: 2-RUN HOME RUN (Flyball, 7D), Distance : 376 ft
Batting: LHB Pancho Coloma 0-0: Ball
1-0: Ball
2-0: Called Strike
2-1: DOUBLE (Line Drive, 9LM)
Batting: RHB Ronnie Wise 0-0: Ball
1-0: Foul Ball, location: 2F
1-1: Ground out 6-3 (Groundball, 56)
Bottom of the 5th over - 3 runs, 4 hits, 0 errors, 1 left on base; Moose Jaw 1 - Phoenix 5
TOP OF THE 6TH
Moose Jaw Canucks batting - Pitching for Phoenix Hotspur Academy : RHP Sean Neely
Batting: RHB Peer Kattenberg 0-0: Called Strike
0-1: Foul Ball, location: 2F
0-2: Foul Ball, location: 2F
0-2: Ground out 4-3 (Groundball, 4)
Batting: LHB Bryan Decker 0-0: Ball
1-0: Called Strike
1-1: Foul Ball, location: 2F
1-2: Fly out, F4 (Line Drive, 4)
Batting: SHB Millard Guzowski 0-0: Ground out 6-3 (Groundball, 6)
Top of the 6th over - 0 runs, 0 hits, 0 errors, 0 left on base; Moose Jaw 1 - Phoenix 5
BOTTOM OF THE 6TH
Phoenix Hotspur Academy batting - Pitching for Moose Jaw Canucks : RHP Carlos González
Batting: RHB Jesse McCoy 0-0: SINGLE (Groundball, 56D)
Pitching: RHP Sergio Morales
Batting: LHB Daniel Joseph 0-0: Ball
1-0: Ball
2-0: Called Strike
2-1: SINGLE (Line Drive, 4MD)
Jesse McCoy to second
Runner from 2nd tries for 3rd, SAFE, no throw
Batting: SHB Bernardo Pacheco 0-0: Foul Ball, location: 2F
0-1: Ball
Wild Pitch!
Jesse McCoy scores
Daniel Joseph to second
1-1: Ball
2-1: Ball
3-1: Swinging Strike
3-2: Ground out 5-3 (Groundball, 15S)
Daniel Joseph to third
Batting: RHB Brad Lamb 0-0: Foul Ball, location: 2F
0-1: Swinging Strike
0-2: Ball
1-2: Foul Ball, location: 2F
1-2: Hit by Pitch
Batting: RHB Frank Ray 0-0: Called Strike
0-1: Ball
1-1: Fly out, F9 (Flyball, 89M)
Runner from 3rd tags up, SCORES, throw made
Batting: RHB Paco González 0-0: Ball
1-0: Ground out 6-3 (Groundball, 6S)
Bottom of the 6th over - 2 runs, 2 hits, 0 errors, 1 left on base; Moose Jaw 1 - Phoenix 7
TOP OF THE 7TH
Moose Jaw Canucks batting - Pitching for Phoenix Hotspur Academy : RHP Sean Neely
Batting: RHB Bernardo Rodríguez 0-0: Ball
1-0: Ball
2-0: Ball
3-0: Base on Balls
Batting: LHB Iván Rivera 0-0: Swinging Strike
0-1: Called Strike
0-2: Ball
1-2: Ball
2-2: Strikes out swinging
Batting: RHB Barney Wilson 0-0: Ball
1-0: Foul Ball, location: 2F
1-1: Ball
2-1: SINGLE (Line Drive, 7LM)
Bernardo Rodríguez to second
Batting: RHB Louis Gielens 0-0: Called Strike
0-1: Ball
1-1: Foul Ball, location: 2F
1-2: Strikes out swinging
Batting: LHB John Castro 0-0: Ball
1-0: Ball
2-0: Ball
3-0: Called Strike
3-1: Swinging Strike
3-2: Strikes out swinging
Top of the 7th over - 0 runs, 1 hit, 0 errors, 2 left on base; Moose Jaw 1 - Phoenix 7
BOTTOM OF THE 7TH
Phoenix Hotspur Academy batting - Pitching for Moose Jaw Canucks : RHP Sergio Morales
Batting: RHB Nathan Pruitt 0-0: SINGLE (Flyball, 78M)
Batting: LHB Pancho Coloma 0-0: Called Strike
0-1: Foul Ball, location: 2F
0-2: Ball
1-2: Ball
2-2: Foul Ball, location: 2F
2-2: Ball
3-2: Foul Ball, location: 2F
3-2: Grounds into double play, 6-4-3 (Groundball, 6)
Batting: RHB Ronnie Wise 0-0: Ball
1-0: Ball
2-0: Ball
3-0: Base on Balls
Batting: RHB Jesse McCoy 0-0: Foul Ball, location: 2F
0-1: Swinging Strike
0-2: Ball
1-2: Strikes out swinging
Bottom of the 7th over - 0 runs, 1 hit, 0 errors, 1 left on base; Moose Jaw 1 - Phoenix 7
TOP OF THE 8TH
Moose Jaw Canucks batting - Pitching for Phoenix Hotspur Academy : RHP Sean Neely
Now at 1B: Hal Larson
Now at SS: Sotatsu Kokawa
Batting: RHB Gary Bruce 0-0: Foul Ball, location: 2F
0-1: Ball
1-1: Ball
2-1: Foul Ball, location: 2F
2-2: Ground out 4-3 (Groundball, 4M)
Batting: RHB Peer Kattenberg 0-0: Ball
1-0: Called Strike
1-1: Fly out, F9 (Flyball, 9)
Batting: LHB Bryan Decker 0-0: Called Strike
0-1: Ball
1-1: Ball
2-1: DOUBLE (Line Drive, 7D)
Pitching: RHP Jorge Torres
Batting: SHB Millard Guzowski 0-0: Ball
1-0: Ground out 6-3 (Groundball, 6S)
Top of the 8th over - 0 runs, 1 hit, 0 errors, 1 left on base; Moose Jaw 1 - Phoenix 7
BOTTOM OF THE 8TH
Phoenix Hotspur Academy batting - Pitching for Moose Jaw Canucks : RHP Sergio Morales
Batting: LHB Daniel Joseph 0-0: Called Strike
0-1: Ball
1-1: Foul Ball, location: 2F
1-2: SOLO HOME RUN (Flyball, 9D), Distance : 371 ft
Batting: SHB Bernardo Pacheco 0-0: Fly out, F7 (Flyball, 8LS)
Batting: RHB Brad Lamb 0-0: Ball
1-0: Foul Ball, location: 2F
1-1: Ball
2-1: Ball
3-1: Fly out, F8 (Flyball, 89M)
Batting: RHB Frank Ray 0-0: Ball
1-0: Ball
2-0: SINGLE (Line Drive, 9S)
Batting: RHB Paco González 0-0: Foul Ball, location: 2F
0-1: Foul Ball, location: 2F
0-2: Ball
1-2: Foul Ball, location: 2F
1-2: Fly out, F7 (Flyball, 78D)
Bottom of the 8th over - 1 run, 2 hits, 0 errors, 1 left on base; Moose Jaw 1 - Phoenix 8
TOP OF THE 9TH
Moose Jaw Canucks batting - Pitching for Phoenix Hotspur Academy : RHP Jorge Torres
Now in LF: Ben Tyler
Now in RF: Gabriel Méndez
Batting: RHB Bernardo Rodríguez 0-0: Swinging Strike
0-1: Foul Ball, location: 2F
0-2: Strikes out swinging
Batting: LHB Iván Rivera 0-0: Called Strike
0-1: Ball
1-1: Ball
2-1: SINGLE (Groundball, 13S) (infield hit)
Batting: RHB Barney Wilson 0-0: Ball
1-0: Called Strike
1-1: Grounds into double play, 6-4-3 (Groundball, 6)
Top of the 9th over - 0 runs, 1 hit, 0 errors, 0 left on base; Moose Jaw 1 - Phoenix 8
Friday, March 29th, 2019 - OOTP Baseball 18.8 Build 76